 Dungeon Crawl Stone Soup version 0.17-a0-1262-gd250d98 (webtiles) character file.

32 HEYYEYAAE the Gusty (level 3, 0/25 HPs)
             Began as a Human Air Elementalist on June 6, 2015.
             Killed from afar by Crazy Yiuf (9 damage)
             ... with a wand of magic darts
             ... on level 2 of the Dungeon.
             The game lasted 00:02:23 (1152 turns).

HEYYEYAAE the Gusty (Human Air Elementalist)        Turns: 1152, Time: 00:02:24

Health: 0/25       AC:  3    Str:  8    XL:     3   Next: 42%
Magic:  1/6        EV: 18    Int: 16    God:
Gold:   33         SH:  0    Dex: 18    Spells: 2 memorised, 2 levels left

rFire  . . .     SeeInvis .     d - +0 dagger
rCold  . . .     Clarity  .     a - +0 robe
rNeg   + . .     SustAt   .     (no shield)
rPois  +         Gourm    .     (no helmet)
rElec  .         Spirit   .     (no cloak)
rCorr  .         Warding  .     o - +0 pair of gloves
rMut   .         Stasis   .     (no boots)
MR     .....                    (no amulet)
Stlth  +++.......               (no ring)
                                g - ring of positive energy

@: agile, very slightly contaminated, hasted, very quick, not resistant to
hostile enchantments, fairly stealthy
A: deterioration 1, poison resistance
a: no special abilities


You were on level 2 of the Dungeon.
You were not hungry.

You visited 1 branch of the dungeon, and saw 2 of its levels.

You collected 33 gold pieces.

Inventory:

Hand weapons
 d - a +0 dagger (weapon)
Armour
 a - a +0 robe (worn)
 o - a +0 pair of gloves (worn)
Jewellery
 g - a ring of positive energy (left hand)
 l - an uncursed ring of protection from fire {unknown}
Scrolls
 n - a scroll of identify
 q - a scroll of remove curse
Potions
 f - a potion of haste
 i - a potion of agility
 m - a potion of brilliance {unknown}
 p - a potion of ambrosia {unknown}
Books
 b - a book of Air

   Spells                             Type                      Level
   a - Shock                          Conjuration/Air              1
   b - Swiftness                      Charms/Air                   2
   c - Repel Missiles                 Charms/Air                   2
   d - Static Discharge               Conjuration/Air              3
   e - Lightning Bolt                 Conjuration/Air              5
Comestibles
 c - 3 bread rations
 k - a slice of pizza


   Skills:
 + Level 0.4 Fighting
 + Level 0.2 Armour
 + Level 2.4 Dodging
 - Level 2.0 Stealth
 * Level 2.2 Spellcasting
 * Level 1.5 Conjurations
 * Level 3.3 Air Magic


You had 2 spell levels left.
You knew the following spells:

 Your Spells              Type           Power        Failure   Level  Hunger
a - Shock                 Conj/Air       #...         10%         1    #......
b - Static Discharge      Conj/Air       #.......     21%         3    ###....


Dungeon Overview and Level Annotations

Branches:
Dungeon (2/15)

Altars:

Annotations:
D:2 Crazy Yiuf


Innate Abilities, Weirdness & Mutations

Your body sometimes deteriorates upon taking damage.
Your system is resistant to poisons.


Message History

Crazy Yiuf laughs, "Cholesterol!"
Crazy Yiuf drinks a potion.
Crazy Yiuf is healed!
Casting: Shock
Confirm with . or Enter, or press ? or * to list all spells.
You don't have enough magic to cast that spell.
No previous command to re-do.
Read which item? (? for menu, Esc to quit)
Okay, then.
Drink which item? (? for menu, Esc to quit)
It was a potion of mutation.
You feel extremely strange.
You feel resistant to poisons.
You feel yourself wasting away.
Drink which item? (? for menu, Esc to quit)
It was a potion of curing.
You feel better.
Crazy Yiuf zaps a wand.
The magic dart hits you!
Unknown command.
Drink which item? (? for menu, Esc to quit)
It was a potion of agility.
You feel agile all of a sudden.
Crazy Yiuf zaps a wand.
The magic dart hits you!
You die...

#### #... #.#.
###
##########.#.
#..
..##........
#.#
#.##.####.##
#.#####.##.#
#.#.
#.##.......#
#^..
#@##.##.####
###. #.##.##.#
######.
#.......#
#..†...
#..#.##.#
#......
#####..#.##.#
#......
##...#g.#.##.#
#......
##.......#.##.#
#..<[..
#....####.....#
#...... ##..##
##....# #......


You could see Crazy Yiuf.

Vanquished Creatures
  2 goblins (D:1)
  7 hobgoblins
  2 ball pythons (D:1)
  6 bats (D:1)
  2 giant newts
  8 kobolds (D:1)
  5 rats (D:1)
32 creatures vanquished.

Notes
Turn   | Place    | Note
--------------------------------------------------------------
     0 | D:1      | HEYYEYAAE the Human Air Elementalist began the quest for the Orb.
     0 | D:1      | Reached XP level 1. HP: 13/13 MP: 3/3
   148 | D:1      | Reached XP level 2. HP: 11/19 MP: 1/5
   588 | D:1      | Reached XP level 3. HP: 24/24 MP: 2/6
  1126 | D:2      | Learned a level 3 spell: Static Discharge
  1127 | D:2      | Noticed Crazy Yiuf
  1150 | D:2      | Gained mutation: Your system is resistant to poisons. [potion of mutation]
  1150 | D:2      | Gained mutation: Your body sometimes deteriorates upon taking damage. [potion of mutation]
  1152 | D:2      | Killed from afar by Crazy Yiuf

Vault maps used:
D:1:      dpeg_arrival_renting
D:2:      uniq_crazy_yiuf_cottage

Action                   || total
-------------------------++-------
Melee: Dagger            ||    34
 Cast: Shock             ||    59
  Use: Scroll            ||     4
       Potion            ||     4
  Eat: Royal jelly       ||     1
